TOP OF THE 1ST |
Bakersfield Nobles batting - Pitching for Baton Rouge Brass : RHP José Rodríguez
|
Pitching: RHP José Rodríguez
|
|
Batting: LHB Chris Fitzgerald
|
0-0: Ball 1-0: Called Strike 1-1: Foul Ball, location: 2F 1-2: Strikes out swinging
|
Batting: SHB Glyn Bolasky
|
0-0: Called Strike 0-1: Fly out, F7 (Flyball, 7, EV 75.6 MPH)
|
Batting: RHB Chut-sai Meng
|
0-0: Fly out, F8 (Flyball, 78XD, EV 80.6 MPH)
|
Top of the 1st over - 0 runs, 0 hits, 0 errors, 0 left on base; Bakersfield 0 - Baton Rouge 0 |
BOTTOM OF THE 1ST |
Baton Rouge Brass batting - Pitching for Bakersfield Nobles : RHP Jason Miller
|
Pitching: RHP Jason Miller
|
|
Batting: RHB Tim O'Brian
|
0-0: Ball 1-0: SINGLE (Groundball, 6MD, EV 96.2 MPH)
|
Batting: RHB Nick Boyd
|
0-0: Foul Ball, location: 2F 0-1: Ball 1-1: Foul Ball, location: 2F 1-2: Foul Ball, location: 2F 1-2: Foul Ball, location: 2F 1-2: Ball 2-2: Fly out, F9 (Line Drive, 9D, EV 99.4 MPH)
|
Batting: SHB Alex Warner
|
0-0: Ball 1-0: Ball 2-0: Called Strike 2-1: Foul Ball, location: 2F 2-2: Ball 3-2: Fly out, F5 (Popup, 5SF, EV 76.2 MPH)
|
Batting: SHB Charles Geudre
|
0-0: Called Strike 0-1: Ball 1-1: Ball 2-1: Fly out, F9 (Flyball, 9, EV 90.6 MPH)
|
Bottom of the 1st over - 0 runs, 1 hit, 0 errors, 1 left on base; Bakersfield 0 - Baton Rouge 0 |
TOP OF THE 2ND |
Bakersfield Nobles batting - Pitching for Baton Rouge Brass : RHP José Rodríguez
|
Batting: SHB Roberto Castillo
|
0-0: Ball 1-0: Ball 2-0: Ball 3-0: Called Strike 3-1: Foul Ball, location: 2F 3-2: Ground out 1-3 (Groundball, 13S, EV 69.4 MPH)
|
Batting: RHB Masafumi Kawaguchi
|
0-0: Swinging Strike 0-1: Ball 1-1: Ball 2-1: Ball 3-1: Swinging Strike 3-2: Foul Ball, location: 2F 3-2: Fly out, F9 (Line Drive, 9D, EV 101.2 MPH)
|
Batting: RHB Juan Lugo
|
0-0: Ground out 5-3 (Groundball, 56S, EV 71.2 MPH)
|
Top of the 2nd over - 0 runs, 0 hits, 0 errors, 0 left on base; Bakersfield 0 - Baton Rouge 0 |
BOTTOM OF THE 2ND |
Baton Rouge Brass batting - Pitching for Bakersfield Nobles : RHP Jason Miller
|
Batting: LHB Weston Doyle
|
0-0: Foul Ball, location: 2F 0-1: Swinging Strike 0-2: Foul Ball, location: 2F 0-2: Ball 1-2: Strikes out swinging
|
Batting: RHB Jamy Geertsen
|
0-0: Ball 1-0: Fly out, F6 (Popup, 6, EV 68.1 MPH)
|
Batting: LHB Stephen Goldobenko
|
0-0: Ball 1-0: SINGLE (Groundball, 3D, EV 103.1 MPH)
|
Batting: RHB Travis Murphy
|
0-0: Ground out 5-3 (Groundball, 56S, EV 68.1 MPH)
|
Bottom of the 2nd over - 0 runs, 1 hit, 0 errors, 1 left on base; Bakersfield 0 - Baton Rouge 0 |
TOP OF THE 3RD |
Bakersfield Nobles batting - Pitching for Baton Rouge Brass : RHP José Rodríguez
|
Batting: SHB César Enríques
|
0-0: SINGLE (Flyball, 9LS, EV 83.8 MPH)
|
Batting: RHB Rocky Moran
|
0-0: Called Strike 0-1: Fly out, F7 (Flyball, 7LS, EV 85.0 MPH)
|
Batting: RHB Byron Ballard
|
0-0: Ball 1-0: Ball 2-0: Foul Ball, location: 2F 2-1: Grounds into double play, 6-4-3 (Groundball, 6, EV 103.1 MPH)
|
Top of the 3rd over - 0 runs, 1 hit, 0 errors, 0 left on base; Bakersfield 0 - Baton Rouge 0 |
BOTTOM OF THE 3RD |
Baton Rouge Brass batting - Pitching for Bakersfield Nobles : RHP Jason Miller
|
Batting: RHB Emery Nelson
|
0-0: Ball 1-0: Called Strike 1-1: Ball 2-1: Ground out 4-3 (Groundball, 4, EV 80.6 MPH)
|
Batting: RHB Tim O'Brian
|
0-0: Foul Ball, location: 2F 0-1: Foul Ball, location: 2F 0-2: Ball 1-2: Foul Ball, location: 2F 1-2: Ground out 3-1 (Groundball, 34, EV 101.2 MPH)
|
Batting: RHB Nick Boyd
|
0-0: Ball 1-0: Ball 2-0: Ball 3-0: Called Strike 3-1: Called Strike 3-2: Base on Balls
|
Batting: SHB Alex Warner
|
0-0: SINGLE (Line Drive, 9LS, EV 87.5 MPH) Nick Boyd to second Runner from 2nd tries for 3rd, OUT! 9-5
|
Bottom of the 3rd over - 0 runs, 1 hit, 0 errors, 1 left on base; Bakersfield 0 - Baton Rouge 0 |
TOP OF THE 4TH |
Bakersfield Nobles batting - Pitching for Baton Rouge Brass : RHP José Rodríguez
|
Batting: LHB Chris Fitzgerald
|
0-0: Called Strike 0-1: Fly out, F3 (Line Drive, 3, EV 70.0 MPH)
|
Batting: SHB Glyn Bolasky
|
0-0: Ball 1-0: Foul Ball, location: 2F 1-1: Ball 2-1: Ball 3-1: Base on Balls
|
Batting: RHB Chut-sai Meng
|
0-0: Ball 1-0: Ball 2-0: Called Strike 2-1: SINGLE (Line Drive, 78S, EV 99.4 MPH) Glyn Bolasky to second Runner from 2nd tries for 3rd, SAFE, throw by CF made to third
|
Batting: SHB Roberto Castillo
|
0-0: Ball 1-0: Called Strike 1-1: Ball 2-1: Ball 3-1: Base on Balls Chut-sai Meng to second
|
Batting: RHB Masafumi Kawaguchi
|
0-0: Ball 1-0: Fly out, F9 (Flyball, 9S, EV 70.6 MPH)
|
Batting: RHB Juan Lugo
|
0-0: Fly out, F9 (Line Drive, 9D, EV 88.8 MPH)
|
Top of the 4th over - 0 runs, 1 hit, 0 errors, 3 left on base; Bakersfield 0 - Baton Rouge 0 |
BOTTOM OF THE 4TH |
Baton Rouge Brass batting - Pitching for Bakersfield Nobles : RHP Jason Miller
|
Batting: SHB Charles Geudre
|
0-0: Ball 1-0: Ground out 6-3 (Groundball, 6M, EV 78.8 MPH)
|
Batting: LHB Weston Doyle
|
0-0: SINGLE (Groundball, 34D, EV 100.0 MPH)
|
Batting: RHB Jamy Geertsen
|
0-0: Ball 1-0: Called Strike 1-1: Fielders Choice at 2nd, 6-4 (Groundball, 6, EV 103.8 MPH)
|
Batting: LHB Stephen Goldobenko
|
0-0: Called Strike 0-1: Ball 1-1: Foul Ball, location: 2F 1-2: Ball 2-2: Ground out 4-3 (Groundball, 3, EV 91.9 MPH)
|
Bottom of the 4th over - 0 runs, 1 hit, 0 errors, 1 left on base; Bakersfield 0 - Baton Rouge 0 |
TOP OF THE 5TH |
Bakersfield Nobles batting - Pitching for Baton Rouge Brass : RHP José Rodríguez
|
Batting: SHB César Enríques
|
0-0: Ball 1-0: Ball 2-0: Called Strike 2-1: Fly out, F9 (Flyball, 9S, EV 95.6 MPH)
|
Batting: RHB Rocky Moran
|
0-0: Ball 1-0: Ball 2-0: Called Strike 2-1: Called Strike 2-2: Ball 3-2: Foul Ball, location: 2F 3-2: Strikes out swinging
|
Batting: RHB Byron Ballard
|
0-0: Ball 1-0: Ball 2-0: Ground out 6-3 (Groundball, 6, EV 89.4 MPH)
|
Top of the 5th over - 0 runs, 0 hits, 0 errors, 0 left on base; Bakersfield 0 - Baton Rouge 0 |
BOTTOM OF THE 5TH |
Baton Rouge Brass batting - Pitching for Bakersfield Nobles : RHP Jason Miller
|
Batting: RHB Travis Murphy
|
0-0: Swinging Strike 0-1: Called Strike 0-2: Ball 1-2: Foul Ball, location: 2F 1-2: Ball 2-2: Foul Ball, location: 2F 2-2: Strikes out looking
|
Batting: RHB Emery Nelson
|
0-0: Foul Ball, location: 2F 0-1: Ball 1-1: Foul Ball, location: 2F 1-2: Fly out, F4 (Popup, 34S, EV 75.0 MPH)
|
Batting: RHB Tim O'Brian
|
0-0: Ball 1-0: Foul Ball, location: 2F 1-1: Ball 2-1: Called Strike 2-2: Ball 3-2: Strikes out looking
|
Bottom of the 5th over - 0 runs, 0 hits, 0 errors, 0 left on base; Bakersfield 0 - Baton Rouge 0 |
TOP OF THE 6TH |
Bakersfield Nobles batting - Pitching for Baton Rouge Brass : RHP José Rodríguez
|
Batting: LHB Chris Fitzgerald
|
0-0: Foul Ball, location: 2F 0-1: SINGLE (Line Drive, 56D, EV 96.9 MPH)
|
Batting: SHB Glyn Bolasky
|
0-0: Bunt missed! 0-1: Bunted foul 0-2: Fly out, F6 (Popup, 4MD, EV 41.2 MPH)
|
Batting: RHB Chut-sai Meng
|
0-0: Foul Ball, location: 2F 0-1: Swinging Strike 0-2: Fielders Choice at 2nd, 6-4 (Groundball, 6, EV 76.2 MPH)
|
Batting: SHB Roberto Castillo
|
0-0: Ball Pickoff Throw by Catcher to First - Error! E2 Chut-sai Meng to second 1-0: Ball 2-0: Ball 3-0: Foul Ball, location: 2F 3-1: Base on Balls
|
Batting: RHB Masafumi Kawaguchi
|
0-0: Called Strike 0-1: Foul Ball, location: 2F 0-2: Ball 1-2: Fly out, F8 (Line Drive, 8RD, EV 92.5 MPH)
|
Top of the 6th over - 0 runs, 1 hit, 1 error, 2 left on base; Bakersfield 0 - Baton Rouge 0 |
BOTTOM OF THE 6TH |
Baton Rouge Brass batting - Pitching for Bakersfield Nobles : RHP Jason Miller
|
Batting: RHB Nick Boyd
|
0-0: Foul Ball, location: 2F 0-1: Swinging Strike 0-2: Strikes out swinging
|
Batting: SHB Alex Warner
|
0-0: Ball 1-0: DOUBLE (Flyball, 89D, EV 97.5 MPH)
|
Batting: SHB Charles Geudre
|
0-0: Intentional Walk
|
Batting: LHB Weston Doyle
|
0-0: Swinging Strike 0-1: Ball 1-1: Fly out, F7 (Flyball, 7LM, EV 95.6 MPH)
|
Batting: RHB Jamy Geertsen
|
0-0: Reached on error, E6 (Groundball, 6, EV 105.0 MPH) Alex Warner to third Charles Geudre to second
|
Pitching: RHP Ryan Fry
|
|
Batting: LHB Stephen Goldobenko
|
0-0: Ball 1-0: Ball 2-0: Called Strike 2-1: Ground out 1-3 (Groundball, 34S, EV 83.1 MPH)
|
Bottom of the 6th over - 0 runs, 1 hit, 1 error, 3 left on base; Bakersfield 0 - Baton Rouge 0 |
TOP OF THE 7TH |
Bakersfield Nobles batting - Pitching for Baton Rouge Brass : RHP José Rodríguez
|
Batting: RHB Juan Lugo
|
0-0: Ground out 5-3 (Groundball, 56S, EV 69.4 MPH)
|
Batting: SHB César Enríques
|
0-0: Ball 1-0: Ball 2-0: Ball 3-0: Called Strike 3-1: Called Strike 3-2: Fly out, F4 (Popup, 4, EV 59.4 MPH)
|
Batting: RHB Rocky Moran
|
0-0: Called Strike 0-1: Reached on error, E6 (Groundball, 6, EV 84.4 MPH)
|
Batting: RHB Byron Ballard
|
0-0: Ball Rocky Moran is caught stealing 2nd base 2-4
|
Top of the 7th over - 0 runs, 0 hits, 1 error, 0 left on base; Bakersfield 0 - Baton Rouge 0 |
BOTTOM OF THE 7TH |
Baton Rouge Brass batting - Pitching for Bakersfield Nobles : RHP Ryan Fry
|
Batting: RHB Travis Murphy
|
0-0: Called Strike 0-1: Ball 1-1: Foul Ball, location: 2F 1-2: Ground out 1-3 (Groundball, 34S, EV 75.0 MPH)
|
Batting: RHB Emery Nelson
|
0-0: Called Strike 0-1: Fly out, F7 (Flyball, 7S, EV 87.5 MPH)
|
Batting: RHB Tim O'Brian
|
0-0: Called Strike 0-1: Foul Ball, location: 2F 0-2: Ball 1-2: Strikes out swinging
|
Bottom of the 7th over - 0 runs, 0 hits, 0 errors, 0 left on base; Bakersfield 0 - Baton Rouge 0 |
TOP OF THE 8TH |
Bakersfield Nobles batting - Pitching for Baton Rouge Brass : RHP José Rodríguez
|
Batting: RHB Byron Ballard
|
0-0: Swinging Strike 0-1: Ball 1-1: Foul Ball, location: 2F 1-2: Ball 2-2: Ground out 6-3 (Groundball, 6, EV 96.9 MPH)
|
Batting: LHB Chris Fitzgerald
|
0-0: Called Strike 0-1: Swinging Strike 0-2: Strikes out swinging, 2-3 out at first.
|
Batting: SHB Glyn Bolasky
|
0-0: Called Strike 0-1: Ball 1-1: Ball 2-1: Foul Ball, location: 2F 2-2: Fly out, F9 (Flyball, 9LMF, EV 111.2 MPH)
|
Top of the 8th over - 0 runs, 0 hits, 0 errors, 0 left on base; Bakersfield 0 - Baton Rouge 0 |
BOTTOM OF THE 8TH |
Baton Rouge Brass batting - Pitching for Bakersfield Nobles : RHP Ryan Fry
|
Batting: RHB Nick Boyd
|
0-0: Called Strike 0-1: Foul Ball, location: 2F 0-2: Ball 1-2: Foul Ball, location: 2F 1-2: SINGLE (Flyball, 89M, EV 86.9 MPH)
|
Batting: SHB Alex Warner
|
0-0: Called Strike 0-1: Called Strike 0-2: SINGLE (Flyball, 3D, EV 96.2 MPH) Nick Boyd to second Runner from 2nd tries for 3rd, SAFE, no throw by RF
|
Batting: SHB Charles Geudre
|
0-0: 3-RUN HOME RUN (Flyball, 9D, EV 98.1 MPH), Distance : 380 ft
|
Pitching: RHP Aldo Ottens
|
|
Batting: LHB Weston Doyle
|
0-0: Ball 1-0: Fly out, F4 (Popup, 34, EV 58.1 MPH)
|
Batting: RHB Jamy Geertsen
|
0-0: Ground out 6-3 (Groundball, 6, EV 92.5 MPH)
|
Batting: LHB Stephen Goldobenko
|
0-0: Ball 1-0: Foul Ball, location: 2F 1-1: Swinging Strike 1-2: Foul Ball, location: 2F 1-2: Strikes out looking
|
Bottom of the 8th over - 3 runs, 3 hits, 0 errors, 0 left on base; Bakersfield 0 - Baton Rouge 3 |
TOP OF THE 9TH |
Bakersfield Nobles batting - Pitching for Baton Rouge Brass : RHP José Rodríguez
|
Pitching: RHP Tate Beason
|
|
Batting: RHB Chut-sai Meng
|
0-0: Ground out 4-3 (Groundball, 34, EV 98.1 MPH)
|
Batting: SHB Roberto Castillo
|
0-0: Ball 1-0: Ball 2-0: Called Strike 2-1: Foul Ball, location: 2F 2-2: Ball 3-2: SINGLE (Groundball, 56S, EV 73.8 MPH) (infield hit)
|
Batting: RHB Masafumi Kawaguchi
|
0-0: Swinging Strike 0-1: Ball 1-1: Ball 2-1: Foul Ball, location: 2F 2-2: Strikes out swinging
|
Batting: RHB Juan Lugo
|
0-0: Ball 1-0: Fly out, F8 (Flyball, 89D, EV 106.9 MPH)
|
Top of the 9th over - 0 runs, 1 hit, 0 errors, 1 left on base; Bakersfield 0 - Baton Rouge 3 |
|